 Dungeon Crawl Stone Soup version 0.31-a0-667-g39726597b9 (console) character file.

Game seed: 13407384508370124967

9206 jejorda2 the Cleaver (level 11, -3/89 HPs)
             Began as a Gnoll Berserker on Sept 3, 2023.
             Was a Priest of Trog.
             Collided with a rock wall (15 damage)
             ... caused by a rakshasa (illusionary)
             ... on level 10 of the Dungeon on Sept 4, 2023.
             The game lasted 00:25:50 (9643 turns).

jejorda2 the Cleaver (Gnoll Berserker)              Turns: 9643, Time: 00:25:51

Health: -3/89      AC: 21    Str: 26    XL:     11   Next: 42%
Magic:  21/21      EV: 10    Int:  6    God:    Trog [***...]
Gold:   422        SH:  0    Dex: 13    Spells: 23/23 levels left

rFire   + . .        a - +1 war axe (vamp)
rCold   . . .        (no shield)
rNeg    . . .        y - +0 plate armour
rPois   .            r - +2 helmet
rElec   .            h - +0 cloak
rCorr   .            e - +2 pair of gloves
SInv    .            (no boots)
Will    ++...        (no amulet) Stlth
                     s - +6 ring of strength
HPRegen 1.34/turn    v - ring of protection from fire
MPRegen 0.17/turn

%: no passive effects
@: strong-willed, on berserk cooldown, regenerating, slowed, very slow
A: fangs 1, strong nose, distributed training, mutation resistance 1
a: Renounce Religion, Berserk, Trog's Hand


You were on level 10 of the Dungeon.
You worshipped Trog.
Trog was most pleased with you.
You visited 1 branch of the dungeon, and saw 10 of its levels.

You collected 449 gold pieces.
You spent 27 gold pieces at shops.

Inventory:

Hand Weapons
 a - a +1 vampiric war axe (weapon)
 F - a +0 dire flail
Missiles
 k - 20 poisoned darts (quivered)
 l - 7 boomerangs
 C - 6 javelins
Armour
 e - a +2 pair of gloves (worn)
 h - a +0 cloak (worn)
 r - a +2 helmet (worn)
 y - a +0 plate armour (worn)
Jewellery
 s - a +6 ring of strength (left hand)
 v - a ring of protection from fire (right hand)
Wands
 b - a wand of charming (11)
 g - a wand of flame (15)
 j - a wand of roots (5)
Scrolls
 c - 4 scrolls of teleportation
 d - 5 scrolls of fog
 i - 2 scrolls of enchant weapon
 t - a scroll of blinking
 u - 2 scrolls of enchant armour
 x - a scroll of fear
Potions
 f - a potion of mutation
 m - 3 potions of lignification
 n - a potion of enlightenment
 o - 2 potions of curing
 p - a potion of berserk rage
 q - 2 potions of ambrosia
 w - a potion of cancellation {unknown}
 z - 2 potions of might
 A - 2 potions of heal wounds
 B - a potion of attraction {unknown}
Miscellaneous
 E - a tin of tremorstones (2/2)


   Skills:
 + Level 9.5 Fighting
 + Level 6.7 Short Blades
 + Level 6.7 Long Blades
 + Level 9.5 Axes
 + Level 6.7 Maces & Flails
 + Level 6.7 Polearms
 + Level 6.7 Staves
 + Level 6.7 Ranged Weapons
 + Level 6.7 Throwing
 + Level 8.2 Armour
 + Level 8.2 Dodging
 + Level 6.7 Stealth
 + Level 6.7 Shields
 + Level 6.7 Unarmed Combat
 + Level 6.7 Spellcasting
 + Level 5.6 Conjurations
 + Level 5.6 Hexes
 + Level 5.6 Summonings
 + Level 5.6 Necromancy
 + Level 5.6 Translocations
 + Level 5.6 Transmutations
 + Level 5.6 Fire Magic
 + Level 5.6 Ice Magic
 + Level 5.6 Air Magic
 + Level 5.6 Earth Magic
 + Level 5.6 Poison Magic
 + Level 7.4 Invocations
 + Level 6.7 Evocations
 + Level 6.1 Shapeshifting


You had 23 spell levels left.
You didn't know any spells.
Your spell library was empty.

Dungeon Overview and Level Annotations

Branches:
Dungeon (10/15)            Temple (0/1) D:6            Lair (0/5) D:8
    Orc: D:9-12

Altars:
Ashenzari
Dithmenos
Elyvilon
Fedhas
Gozag
Hepliaklqana
Kikubaaqudgha
Makhleb
Nemelex Xobeh
Okawaru
Qazlal
Sif Muna
Uskayaw
Vehumet
Zin

Shops:
D:5 (   D:8 *

Annotations:
D:3 1 exclusion


Innate Abilities, Weirdness & Mutations

You have very sharp teeth.
Your uncanny sense of smell can sniff out nearby items.
Your experience applies equally to all skills.
You are somewhat resistant to further mutation.


Message History

The rakshasa is moderately wounded.
The rakshasa hits you with a +0 trident!
You slash the rakshasa!
The rakshasa is moderately wounded.
The rakshasa hits you but does no damage.
You slash the rakshasa! You bite the rakshasa!
The rakshasa is heavily wounded.
The injured rakshasa weaves a defensive illusion!
You are no longer berserk.
You are exhausted.
You feel yourself slow down.
You hit the rakshasa.
The rakshasa is severely wounded.
You slash the rakshasa!
The rakshasa blinks!
The rakshasa hits you but does no damage.
The rakshasa hits you with a +0 trident!
The rakshasa blinks!
The rakshasa gestures at you. The lance of force misses you.
You hit the rakshasa but do no damage. Your bite misses the rakshasa.
The rakshasa is severely wounded.
The rakshasa hits you but does no damage.
The rakshasa hits you with a +0 trident!
The rakshasa hits you but does no damage.
The rakshasa barely misses you.
Okay, then.
Aiming: Fastroot
Press: ? - help, Shift-Dir - straight line, f - rakshasa
Aim: a rakshasa, wielding a +0 trident and wearing a +0 robe (severely wounded)
The roots erupt in riotous growth!
Roots grab the rakshasa. x2
The grasping roots constrict the rakshasa. x2
The rakshasa barely misses you.
The rakshasa hits you from afar with a +0 trident.
The rakshasa gestures at you. The lance of force hits you!!
* * * LOW HITPOINT WARNING * * *
You are knocked back by the lance of force.
You slam into the rock wall!
You die...

#......# ####......## .......#
#........... .......#
#........... .......#
#........... .......#
#...R....... .......#
#..R........
.......###+##...@.R.....
..............#'###############
.<............#......#........#
..............#......#........#
....[.........#......#........#
...[).........#......#........#
..............######.##.##....#
#############......####.##....#
#......#..........#


You could see 3 rakshasas.

Vanquished Creatures
  3 centaur zombies (D:9)
  3 centaur skeletons (D:9)
  2 trolls
  2 hellwings (D:9)
  Prince Ribbit (D:7)
  Sigmund (D:3)
  8 yaks (D:9)
  2 wyverns
  2 vampire mosquitoes (D:7)
  An acid dragon (D:9)
  Duvessa (D:4)
  5 orc warriors
  A water moccasin (D:9)
  5 black bears
  3 sky beasts
  2 ice beasts
  5 centaurs
  2 ogres
  3 wolves (D:8)
  2 bullfrogs
  A kobold brigand (D:5)
  A gnoll sergeant (D:7)
  3 scorpions
  Dowan (D:4)
  5 killer bees (D:9)
  4 electric eels (D:8)
  5 hounds
  A jelly (D:7)
  4 orc priests
  A sleepcap (D:7)
  5 iguanas
  Ijyb (D:3)
  6 orc wizards
  A boggart zombie (D:9)
  Robin (D:2)
  10 gnolls
  4 adders
  4 shadow imps
  4 white imps
  An ufetubus (D:4)
  4 dart slugs
  21 orcs
  8 ball pythons
  6 endoplasms
  21 goblins
  11 hobgoblins
  11 jackals
  2 quokkas
  9 bats
  6 frilled lizards
  16 kobolds
  3 rats
235 creatures vanquished.

Vanquished Creatures (collateral kills)
  A wolf (D:8)
1 creature vanquished.

Grand Total: 236 creatures vanquished

Notes
Turn   | Place    | Note
-------+----------+-------------------------------------------
     0 | D:1      | jejorda2 the Gnoll Berserker began the quest for the Orb.
     0 | D:1      | Reached XP level 1. HP: 23/23 MP: 1/1
   134 | D:1      | Reached XP level 2. HP: 29/29 MP: 2/2
   492 | D:1      | Reached ** piety under Trog
   493 | D:1      | Reached XP level 3. HP: 33/35 MP: 3/3
   854 | D:2      | Reached skill level 1 in Invocations
  1344 | D:2      | Noticed Robin
  1348 | D:2      | Reached skill level 1 in Short Blades
  1348 | D:2      | Reached skill level 1 in Long Blades
  1348 | D:2      | Reached skill level 1 in Maces & Flails
  1348 | D:2      | Reached skill level 1 in Polearms
  1348 | D:2      | Reached skill level 1 in Staves
  1348 | D:2      | Reached skill level 1 in Ranged Weapons
  1348 | D:2      | Reached skill level 1 in Throwing
  1348 | D:2      | Reached skill level 1 in Stealth
  1348 | D:2      | Reached skill level 1 in Shields
  1348 | D:2      | Reached skill level 1 in Unarmed Combat
  1348 | D:2      | Reached skill level 1 in Spellcasting
  1348 | D:2      | Reached skill level 1 in Evocations
  1356 | D:2      | Killed Robin
  1357 | D:2      | Reached skill level 1 in Shapeshifting
  1357 | D:2      | Reached XP level 4. HP: 41/41 MP: 5/5
  1801 | D:3      | Reached skill level 1 in Conjurations
  1801 | D:3      | Reached skill level 1 in Hexes
  1801 | D:3      | Reached skill level 1 in Summonings
  1801 | D:3      | Reached skill level 1 in Necromancy
  1801 | D:3      | Reached skill level 1 in Translocations
  1801 | D:3      | Reached skill level 1 in Transmutations
  1801 | D:3      | Reached skill level 1 in Fire Magic
  1801 | D:3      | Reached skill level 1 in Ice Magic
  1801 | D:3      | Reached skill level 1 in Air Magic
  1801 | D:3      | Reached skill level 1 in Earth Magic
  1801 | D:3      | Reached skill level 1 in Poison Magic
  1850 | D:3      | Found an ancient bone altar of Kikubaaqudgha.
  1867 | D:3      | Reached *** piety under Trog
  1883 | D:3      | Found a shimmering blue altar of Sif Muna.
  1885 | D:3      | Found a radiant altar of Vehumet.
  2059 | D:3      | Found an iron altar of Okawaru.
  2147 | D:3      | Noticed a scorpion
  2151 | D:3      | Killed a scorpion
  2152 | D:3      | Reached XP level 5. HP: 47/47 MP: 5/7
  2220 | D:3      | Noticed Ijyb
  2221 | D:3      | Noticed Sigmund
  2256 | D:3      | Gained mutation: You are somewhat resistant to further
                  | mutation. [potion of mutation]
  2265 | D:3      | HP: 1/47 [something/puff of flame (8)]
  2277 | D:3      | Reached skill level 5 in Invocations
  2277 | D:3      | Reached XP level 6. HP: 25/56 MP: 7/12
  2485 | D:3      | Killed Sigmund
  2486 | D:3      | Reached XP level 7. HP: 62/62 MP: 12/14
  2491 | D:3      | Killed Ijyb
  2591 | D:3      | Found a sparkling altar of Nemelex Xobeh.
  2591 | D:3      | Found a transporter.
  2837 | D:4      | Found a stormy altar of Qazlal.
  2908 | D:4      | Noticed Duvessa
  2912 | D:4      | Noticed Dowan
  2941 | D:4      | Killed Duvessa
  2946 | D:4      | Killed Dowan
  3182 | D:4      | Noticed a wyvern
  3196 | D:4      | Killed a wyvern
  3197 | D:4      | Reached skill level 5 in Short Blades
  3197 | D:4      | Reached skill level 5 in Long Blades
  3197 | D:4      | Reached skill level 5 in Maces & Flails
  3197 | D:4      | Reached skill level 5 in Polearms
  3197 | D:4      | Reached skill level 5 in Staves
  3197 | D:4      | Reached skill level 5 in Ranged Weapons
  3197 | D:4      | Reached skill level 5 in Throwing
  3197 | D:4      | Reached skill level 5 in Stealth
  3197 | D:4      | Reached skill level 5 in Shields
  3197 | D:4      | Reached skill level 5 in Unarmed Combat
  3197 | D:4      | Reached skill level 5 in Spellcasting
  3197 | D:4      | Reached skill level 5 in Evocations
  3197 | D:4      | Reached XP level 8. HP: 69/69 MP: 15/15
  3718 | D:4      | Found a hide-covered altar of Uskayaw.
  3718 | D:4      | Noticed a +0 dagger
  3719 | D:4      | Noticed a +0 dagger
  3792 | D:5      | Entered Level 5 of the Dungeon
  3922 | D:5      | Found Valeaviy's Antique Weapon Shop.
  3941 | D:5      | Found a blossoming altar of Fedhas.
  4826 | D:6      | Found a burning altar of Makhleb.
  4848 | D:6      | Reached XP level 9. HP: 75/75 MP: 16/16
  5161 | D:6      | Found a staircase to the Ecumenical Temple.
  5270 | D:6      | Found a white marble altar of Elyvilon.
  5467 | D:6      | Found a shadowy altar of Dithmenos.
  5848 | D:7      | Reached skill level 5 in Shapeshifting
  5886 | D:7      | Noticed Prince Ribbit
  5912 | D:7      | Killed Prince Ribbit
  5996 | D:7      | Reached **** piety under Trog
  6454 | D:7      | Reached XP level 10. HP: 82/82 MP: 18/18
  6524 | D:7      | Found a broken altar of Ashenzari.
  6739 | D:7      | Found a hazy altar of Hepliaklqana.
  6885 | D:8      | Found Juehuh's Assorted Antiques.
  6899 | D:8      | Bought a scroll labelled LIDDUS ZUZAER for 27 gold pieces
  7879 | D:8      | Reached skill level 5 in Conjurations
  7879 | D:8      | Reached skill level 5 in Hexes
  7879 | D:8      | Reached skill level 5 in Summonings
  7879 | D:8      | Reached skill level 5 in Necromancy
  7879 | D:8      | Reached skill level 5 in Translocations
  7879 | D:8      | Reached skill level 5 in Transmutations
  7879 | D:8      | Reached skill level 5 in Fire Magic
  7879 | D:8      | Reached skill level 5 in Ice Magic
  7879 | D:8      | Reached skill level 5 in Air Magic
  7879 | D:8      | Reached skill level 5 in Earth Magic
  7879 | D:8      | Reached skill level 5 in Poison Magic
  7930 | D:8      | Found a staircase to the Lair.
  8171 | D:9      | Found a glowing silver altar of Zin.
  8171 | D:9      | Found an opulent altar of Gozag.
  8375 | D:9      | Reached XP level 11. HP: 45/89 MP: 20/20
  9506 | D:10     | Entered Level 10 of the Dungeon
  9626 | D:10     | Noticed a rakshasa
  9643 | D:10     | Collided with a rock wall

Illustrated notes

Levels and vault maps discovered:
D:1:      ldierk_walled_garden, layout_loops_ring, chequers_arboretum
D:2:      layout_basic, uniq_robin
D:3:      layout_basic, grunt_temple_overflow_magic_moments,
          kennysheep_okawaru_gauntlet, grunt_nemelex_the_gamble,
          serial_bayou_lake_a, uniq_sigmund, uniq_ijyb
D:4:      layout_basic, nicolae_qazlal_beasts_of_the_sky,
          dancing_weapons_uskayaw, uniq_duvessa
D:5:      layout_cave_pods, overflow_temple_1_default, serial_shops, shop,
          minivault_25, kennysheep_generic_room_3
D:6:      layout_gridville, lemuel_crystal_altar, lemuel_tele_altar,
          grunt_dithmenos_smoke, minmay_temple_entry_arrows
D:7:      layout_loops_ring, worldfamousw_hep_ancestral_shrine,
          pf_just_have_faith, uniq_prince_ribbit1
D:8:      layout_loops_ring, erik_lair_island, serial_shops, shop
D:9:      cheibrodos_grave_circle, layout_gridville,
          grunt_temple_overflow_gold_and_silver
D:10:     layout_gridville

Skill      XL: |  1  2  3  4  5  6  7  8  9 10 11 |
---------------+----------------------------------+-----
Invocations    | 1 5 6 7 |  7.4
Short Blades   | 1 4 5 6 |  6.7
Long Blades    | 1 4 5 6 |  6.7
Maces & Flails | 1 4 5 6 |  6.7
Polearms       | 1 4 5 6 |  6.7
Staves         | 1 4 5 6 |  6.7
Ranged Weapons | 1 4 5 6 |  6.7
Throwing       | 1 4 5 6 |  6.7
Stealth        | 1 4 5 6 |  6.7
Shields        | 1 4 5 6 |  6.7
Unarmed Combat | 1 4 5 6 |  6.7
Spellcasting   | 1 4 5 6 |  6.7
Evocations     | 1 4 5 6 |  6.7
Shapeshifting  | 1 4 5 6 |  6.1
Conjurations   | 1 3 4 5 |  5.6
Hexes          | 1 3 4 5 |  5.6
Summonings     | 1 3 4 5 |  5.6
Necromancy     | 1 3 4 5 |  5.6
Translocations | 1 3 4 5 |  5.6
Transmutations | 1 3 4 5 |  5.6
Fire Magic     | 1 3 4 5 |  5.6
Ice Magic      | 1 3 4 5 |  5.6
Air Magic      | 1 3 4 5 |  5.6
Earth Magic    | 1 3 4 5 |  5.6
Poison Magic   | 1 3 4 5 |  5.6
Fighting       | 8 9 |  9.5
Axes           | 8 9 |  9.5
Armour         | 6 7 8 |  8.2
Dodging        | 6 7 8 |  8.2

Action                     |  1- 3 |  4- 6 |  7- 9 | 10-12 || total
---------------------------+-------+-------+-------+-------++-------
  Melee: Hand axe          |   101 |    79 |   130 |       ||   310
         Bite              |     7 |    11 |    41 |    30 ||    89
         Punch             |     1 |     1 |    10 |     7 ||    19
         War axe           |       |       |   196 |   252 ||   448
 Invoke: Berserk           |     1 |     2 |    10 |    12 ||    25
         Trog's Hand       |       |     1 |     1 |     3 ||     5
  Evoke: Wand              |       |       |       |     7 ||     7
    Use: Potion            |       |     7 |       |       ||     7
         Scroll            |       |       |    11 |     7 ||    18
 Armour: Animal skin       |     8 |       |       |       ||     8
         Ring mail         |    35 |    76 |     1 |       ||   112
         Skin              |       |    25 |       |       ||    25
         Chain mail        |       |       |   300 |   199 ||   499
         Plate armour      |       |       |       |    87 ||    87
  Dodge: Dodged            |    66 |    53 |   205 |   168 ||   492
  Block: Buckler           |       |       |     8 |    21 ||    29

Table legend: (Time is in decaauts)
 A = Elapsed time spent in this place.
 B = Non-inter-level travel time spent in this place.
 C = Inter-level travel time spent in this place.
 D = Time resting spent in this place.
 E = Time spent auto-exploring this place.
 F = Levels seen in this place.
 G = Mean time per level.
                   A        B        C        D        E       F      G
               +--------+--------+--------+--------+--------+-----+--------+
         Total |   9889 |   9373 |    516 |   1176 |   6436 |  10 |  988.9 |
       Dungeon |   9889 |   9373 |    516 |   1176 |   6436 |  10 |  988.9 |
               +--------+--------+--------+--------+--------+-----+--------+

Top non-repeatable levels by time:
     D:9: 1565 daAuts
     D:4: 1212 daAuts
     D:8: 1142 daAuts
     D:7: 1086 daAuts
     D:6: 1052 daAuts
     D:3: 1017 daAuts
     D:5: 1010 daAuts
     D:2: 836 daAuts
     D:1: 822 daAuts
    D:10: 144 daAuts
